 Dungeon Crawl Stone Soup version 0.18.1-48-g4cf74bf (webtiles) character file.

147 Heedrag the Covered (level 5, -1/46 HPs)
             Began as a Minotaur Fighter on Aug 5, 2016.
             Slain by an orc warrior
             ... wielding a +0 flail
              (8 damage)
             ... on level 2 of the Dungeon.
             The game lasted 00:03:28 (1623 turns).

Heedrag the Covered (Minotaur Fighter)              Turns: 1623, Time: 00:03:29

Health: -1/46      AC: 12    Str: 21    XL:     5   Next: 8%
Magic:  0/4        EV:  4    Int:  5    God:
Gold:   126        SH:  9    Dex: 10    Spells: 0 memorised, 4 levels left

rFire  . . .     SeeInvis .     a - +0 war axe
rCold  . . .     Gourm    .     n - +0 plate armour
rNeg   . . .     Faith    .     c - +0 shield
rPois  .         Spirit   +     (helmet restricted)
rElec  .         Dismiss  .     (no cloak)
rCorr  .         Reflect  .     (no gloves)
SustAt .         Harm     .     (no boots)
MR     .....                    i - amulet of guardian spirit
Stlth  ..........               (no ring)
                                k - ring of flight

@: not resistant to hostile enchantments, extremely unstealthy
A: retaliatory headbutt, horns 2
a: Evoke Flight


You were on level 2 of the Dungeon.
You were not hungry.

You visited 1 branch of the dungeon, and saw 3 of its levels.

You collected 126 gold pieces.

Inventory:

Hand Weapons
 a - a +0 war axe (weapon)
 q - a +0 dagger of speed
Armour
 b - a +0 scale mail
 c - a +0 shield (worn)
 n - a +0 plate armour (worn)
Jewellery
 i - an amulet of guardian spirit (around neck)
 k - a ring of flight (left hand)
Scrolls
 j - 2 scrolls of remove curse {unknown}
 l - a scroll of enchant weapon {unknown}
 o - a scroll of enchant armour {unknown}
 r - a scroll of magic mapping {unknown}
Potions
 d - a potion of might
 e - a potion of degeneration {unknown}
 m - a potion of heal wounds {unknown}
Comestibles
 f - 4 bread rations
 g - a slice of pizza
 h - a meat ration
 p - 6 chunks of flesh


   Skills:
 + Level 4.1 Fighting
 * Level 4.4 Axes
 + Level 4.8 Armour
 + Level 2.0 Dodging
 - Level 3.6 Shields


You had 4 spell levels left.
You didn't know any spells.

Dungeon Overview and Level Annotations

Branches:
Dungeon (3/15)

Altars:


Innate Abilities, Weirdness & Mutations

You reflexively headbutt those who attack you in melee.
You have a pair of horns on your head.


Message History

Tha orc warrior hits ye wit' a flail.
Tha orc priest hits ye but does nay damage.
Ye closely miss tha orc priest.
Ye headbutt tha orc priest!
Tha orc priest be severely wounded.
Ye hit tha orc warrior.
Tha orc warrior be lightly wounded.
Tha orc warrior hits ye wit' a flail.
* * * LOW HITPOINT WARNIN'
* * * Tha orc priest hits ye but does nay damage.
Ye hit tha orc priest.
Ye headbutt tha orc priest.
Ye kill tha orc priest!
Yer Dodgin' skill increases ta level 2!
Ye haf reached level 5!
Yer plate armour prevents ye from hittin' tha orc warrior.
Tha orc warrior be lightly wounded.
Tha orc warrior hits ye wit' a flail!
* * * LOW HITPOINT WARNIN'
* * * Ye barely miss tha orc warrior.
Tha orc warrior be lightly wounded.
Tha orc warrior hits ye wit' a flail!
Ye die...

....########..##.##.......##.#.##
.........# ##.##.##........#.#...
.........# #..#.##........'.#...
.........# ##.#.#######...###...
##.......# #...########.####...
.........######..##..........#...
............)................#...
...............o.)...........#...
................@............#...
.†.)...."##########..........#...
.........# #..............#...
.........# #.###..........#...
########## #...........#'#####
###########.#.# #...# #####


You could see an orc warrior.

Vanquished Creatures
  An orc priest (D:2)
  Robin (D:2)
  5 adders
  An ooze (D:1)
  2 worms (D:2)
  2 giant geckos (D:1)
  A bat (D:1)
  4 giant cockroaches
  9 goblins
  11 hobgoblins
  A quokka (D:2)
  A ball python (D:2)
  6 giant newts
  2 kobolds
  8 rats
55 creatures vanquished.

Notes
Turn   | Place    | Note
--------------------------------------------------------------
     0 | D:1      | Heedrag the Minotaur Fighter began the quest for the Orb.
     0 | D:1      | Reached XP level 1. HP: 19/19 MP: 0/0
   241 | D:1      | Reached XP level 2. HP: 20/27 MP: 1/1
   575 | D:1      | Reached XP level 3. HP: 20/33 MP: 2/2
  1036 | D:2      | Noticed Robin
  1053 | D:2      | Killed Robin
  1053 | D:2      | Reached skill level 1 in Dodging
  1053 | D:2      | Reached XP level 4. HP: 32/40 MP: 3/3
  1611 | D:3      | Noticed an orc warrior
  1622 | D:2      | Reached XP level 5. HP: 14/46 MP: 0/4
  1623 | D:2      | Slain by an orc warrior

Skill      XL: |  1  2  3  4 |
---------------+-------------+-----
Armour         | 4 |  4.8
Axes           | 3 4 |  4.4
Fighting       | 4 |  4.1
Dodging        | 1 2 |  2.0
Shields        | |  3.6

Action                   |  1- 3 |  4- 6 || total
-------------------------+-------+-------++-------
Melee: War axe           |    83 |    43 ||   126
       Headbutt          |    11 |    12 ||    23
  Eat: Chunk             |       |     2 ||     2
Armor: Scale mail        |    16 |       ||    16
       Plate armour      |    14 |    21 ||    35
Dodge: Dodged            |    19 |     4 ||    23
Block: Shield            |    41 |    19 ||    60
